Map: Oxide LE

Players

Maru - Winner!

  • Race: Terran Terran
  • Spawn Location: 1:00

Clem

  • Race: Terran Terran
  • Spawn Location: 7:00

Event: IEM Katowice 2021

VOD

Have the link to the VOD?

Description

Time

  • Played on: Feb. 22, 2021, 11:46 a.m.
  • Length: 8:52

All games in this series

Show
View Real Time Build Order
Export as new Build Order

Maru Terran - Winner!

Build Orders: Cyclone Opening 

Get SALT Encoding   

  12  0:00  SCV  
  13  0:12  SCV  
  14  0:17  Supply Depot  
  14  0:24  SCV  
  15  0:39  SCV, Barracks  
  16  0:43  Refinery  
  16  0:51  SCV  
  16  0:54  Refinery  
  17  1:03  SCV  
  18  1:15  SCV  
  19  1:26  Reaper  
  19  1:27  Orbital Command  
  19  1:29  Supply Depot  
  20  1:41  Factory  
  20  1:53  SCV  
  21  1:58  Reaper  
  22  2:05  SCV  
  23  2:17  SCV  
  23  2:19  Command Center  
  24  2:25  Factory Tech Lab  
  24  2:29  SCV  
  25  2:31  Barracks Reactor  
  25  2:34  Supply Depot  
  25  2:43  Cyclone  
  28  2:44  SCV  
  29  2:55  Starport  
  29  2:56  SCV  
  30  3:08  SCV  
  29  3:14  Marine x2  
  29  3:16  Siege Tank  
  34  3:20  SCV  
  35  3:29  Refinery  
  35  3:31  Marine  
  35  3:32  Marine  
  35  3:33  SCV  
  38  3:34  Orbital Command  
  38  3:40  Starport Tech Lab  
  38  3:45  SCV  
  39  3:49  Marine x2  
  41  3:57  SCV  
  41  4:00  Raven, SCV  
  41  4:02  Supply Depot  
  45  4:07  Marine x2  
  45  4:09  SCV  
  48  4:13  Siege Tank  
  48  4:15  Supply Depot  
  51  4:18  SCV  
  51  4:21  SCV  
  53  4:30  SCV  
  54  4:33  SCV  
  48  4:39  Marine  
  48  4:42  SCV  
  48  4:44  Raven  
  48  4:45  SCV  
  51  4:52  Marine  
  52  4:54  SCV  
  52  4:57  SCV, Marine  
  55  5:01  Siege Tank  
  55  5:07  SCV, Command Center  
  59  5:09  SCV  
  59  5:10  Marine  
  61  5:15  Marine  
  61  5:19  SCV, Refinery  
  63  5:21  SCV  
  63  5:24  Supply Depot  
  65  5:31  SCV  
  65  5:33  Siege Tank  
  65  5:34  SCV  
  69  5:43  SCV  
  69  5:45  Viking x2  
  69  5:48  Stimpack, Marine  
  69  5:49  SCV  
  76  5:53  Barracks  
  76  5:57  Barracks  
  76  5:58  SCV  
  76  6:02  SCV  
  78  6:07  Engineering Bay  
  78  6:08  Engineering Bay  
  78  6:19  SCV, Viking x2  
  83  6:29  Marine  
  83  6:30  Siege Tank  
  83  6:31  SCV  
  83  6:32  SCV  
  89  6:36  Supply Depot  
  89  6:43  Barracks Reactor x2  
  89  6:44  SCV  
  90  6:51  SCV  
  86  6:58  SCV  
  86  7:00  Marine  
  84  7:02  Siege Tank  
  84  7:03  Viking x2  
  84  7:04  SCV, Orbital Command  
  84  7:07  Supply Depot  
  92  7:11  SCV  
  93  7:16  SCV  
  93  7:21  Marine x3  
  93  7:22  Marine  
  98  7:23  SCV  
  98  7:28  SCV  
  100  7:31  SCV  
  100  7:33  Supply Depot x2, Viking  
  100  7:35  SCV  
  104  7:40  SCV  
  104  7:43  SCV  
  106  7:44  Marine x3  
  109  7:52  SCV, Marine  
  109  7:54  SCV, Marine  
  109  8:02  Marine x2, Siege Tank, Barracks  
  109  8:03  SCV  
  109  8:04  SCV, Barracks  
  114  8:07  SCV  
  113  8:15  SCV  
  113  8:16  SCV  
  113  8:17  Marine x3  
  115  8:21  Viking x2  
  115  8:22  SCV, Marine x2  
  107  8:27  SCV  
Show
View Real Time Build Order
Export as new Build Order

Clem Terran 

Build Orders:  

Get SALT Encoding   

  12  0:00  SCV  
  13  0:12  SCV  
  14  0:16  Supply Depot  
  14  0:24  SCV  
  15  0:38  SCV  
  15  0:40  Barracks  
  16  0:43  Refinery  
  16  0:50  SCV  
  16  0:53  Refinery  
  17  1:02  SCV  
  18  1:14  SCV  
  19  1:27  Reaper, Orbital Command  
  19  1:28  Supply Depot  
  20  1:39  Factory  
  20  1:53  SCV  
  21  2:00  Reaper  
  22  2:05  SCV  
  23  2:16  Command Center  
  23  2:17  SCV  
  24  2:24  Hellion  
  26  2:30  Starport  
  26  2:34  SCV  
  27  2:39  Barracks Reactor  
  27  2:42  Supply Depot  
  27  2:47  Factory Tech Lab  
  27  2:48  SCV  
  28  3:00  SCV  
  29  3:11  Siege Tank  
  29  3:12  SCV  
  31  3:17  Marine x2  
  33  3:24  SCV  
  34  3:28  Medivac  
  34  3:33  Orbital Command  
  36  3:36  SCV  
  36  3:40  Marine  
  38  3:42  Marine  
  39  3:48  SCV  
  39  3:54  Cyclone  
  43  3:59  SCV  
  43  4:01  SCV  
  45  4:04  Starport Tech Lab  
  45  4:06  Refinery  
  45  4:08  Marine  
  45  4:09  Marine  
  47  4:14  Supply Depot  
  47  4:15  SCV  
  48  4:17  SCV  
  49  4:27  SCV  
  49  4:29  SCV  
  49  4:34  Raven, Marine x2  
  48  4:39  SCV  
  48  4:41  SCV  
  50  4:51  SCV, Siege Tank  
  49  4:53  SCV  
  49  4:57  Command Center, Marine x2  
  51  5:03  Supply Depot  
  51  5:04  SCV  
  51  5:06  SCV  
  53  5:13  Refinery  
  53  5:16  SCV, Supply Depot  
  53  5:18  Raven, SCV  
  53  5:19  Marine  
  53  5:20  Marine  
  59  5:28  SCV  
  60  5:30  SCV  
  60  5:33  Siege Tank  
  64  5:36  Supply Depot  
  64  5:38  Marine x2  
  64  5:41  SCV  
  67  5:43  SCV  
  68  5:53  Supply Depot  
  68  5:54  SCV  
  68  5:55  SCV  
  70  6:01  Supply Depot  
  70  6:06  Barracks  
  70  6:08  Barracks, Siege Tank  
  70  6:10  SCV  
  70  6:11  SCV  
  75  6:17  Viking x2  
  79  6:18  Marine  
  79  6:23  Stimpack  
  77  6:26  SCV  
  77  6:29  Orbital Command  
  77  6:30  SCV  
  79  6:36  Marine  
  79  6:38  SCV  
  80  6:40  Siege Tank  
  80  6:42  SCV  
  83  6:47  Viking  
  83  6:50  SCV  
  83  6:53  Viking  
  84  6:54  Marine  
  84  6:55  SCV  
  84  6:59  SCV  
  84  7:04  Barracks Reactor x2  
  84  7:05  SCV  
  84  7:06  Barracks  
  84  7:07  SCV  
  84  7:08  Barracks  
  79  7:10  Engineering Bay x2  
  79  7:12  SCV, Marine  
  79  7:17  Siege Tank  
  79  7:18  SCV  
  79  7:19  SCV  
  82  7:24  SCV  
  82  7:28  Viking x2  
  87  7:30  SCV, Marine  
  87  7:34  SCV  
  88  7:41  SCV, Marine  
  88  7:42  SCV, Marine x3  
  91  7:47  Marine  
  91  7:49  Supply Depot  
  92  7:52  Siege Tank  
  92  7:55  SCV  
  92  7:56  SCV, Marine x2  
  95  7:59  Marine x2  
  95  8:04  Marine  
  98  8:08  Medivac x2  
  98  8:11  Marine  
  99  8:19  SCV, Marine x2  
  86  8:24  Marine x3  
  86  8:26  Marine  

Tags
 
Add a new tag
Caveats
  • Supply blocks, unpowered buildings, or Contaminate may cause inaccurate times.
  • Supply counts are checked every 10 seconds.